 Dungeon Crawl Stone Soup version 0.29-a0-409-gd843f3a48c (webtiles) character file.

Game seed: 11578940726475042244

34 Parzival71148 the Skirmisher (level 3, 0/33 HPs)
             Began as a Hill Orc Fighter on May 13, 2022.
             Slain by Robin
             ... wielding a +0 short sword
              (3 damage)
             ... on level 2 of the Dungeon.
             The game lasted 00:02:30 (1146 turns).

Parzival71148 the Skirmisher (Hill Orc Fighter)     Turns: 1146, Time: 00:02:31

Health: 0/33       AC:  7    Str: 20    XL:     3   Next: 31%
Magic:  3/3        EV:  9    Int:  8    God:
Gold:   40         SH:  4    Dex: 10    Spells: 2/2 levels left

rFire   . . .      SeeInvis .   a - +0 war axe
rCold   . . .      Faith    .   c - +0 buckler
rNeg    . . .      Spirit   .   b - +0 scale mail
rPois   .          Reflect  .   (no helmet)
rElec   .          Harm     .   (no cloak)
rCorr   +          Rampage  .   (no gloves)
Will    .....                   (no boots)
Stlth   ..........              (no amulet)
HPRegen 0.11/turn               g - ring of resist corrosion
MPRegen 0.08/turn               (no ring)

@: lethally poisoned (0 -> -2)
A: no striking features
a: no special abilities


You were on level 2 of the Dungeon.
You visited 1 branch of the dungeon, and saw 2 of its levels.

You collected 40 gold pieces.

Inventory:

Hand Weapons
 a - a +0 war axe (weapon)
Armour
 b - a +0 scale mail (worn)
 c - a +0 buckler (worn)
Jewellery
 g - a ring of resist corrosion (left hand)
Scrolls
 f - a scroll of amnesia {unknown}
 h - a scroll of fear {unknown}
Potions
 d - a potion of might
 e - a potion of degeneration {unknown}


   Skills:
 + Level 4.0 Fighting
 + Level 3.3 Axes
 + Level 3.7 Armour
 + Level 0.3 Dodging
 + Level 3.6 Shields


You had 2 spell levels left.
You didn't know any spells.
Your spell library was empty.

Dungeon Overview and Level Annotations

Branches:
Dungeon (2/15)

Altars:

Annotations:
D:2 Robin


Message History

The hobgoblin closely misses you. The adder bites you.
You are poisoned.
The adder poisons you! Robin hits you but does no damage.
The hobgoblin barely misses you. The hobgoblin hits you.
The goblin hits you with a +0 dagger. The goblin hits you but does no damage.
The hobgoblin hits you but does no damage.
You barely miss the hobgoblin.
The hobgoblin is moderately wounded.
You completely miss the hobgoblin. You closely miss the goblin. You hit Robin.
You closely miss the hobgoblin. You hit the adder. You barely miss the goblin.
You feel very sick. The adder bites you but does no damage.
The hobgoblin barely misses you. You block the goblin's attack.
Robin hits you but does no damage.
The hobgoblin hits you but does no damage.
The hobgoblin hits you.
* * * LOW HITPOINT WARNING * * *
The goblin closely misses you. The adder bites you but does no damage.
You barely miss the hobgoblin.
The hobgoblin is moderately wounded.
You completely miss the goblin. You barely miss the adder.
You barely miss the hobgoblin. You hit Robin but do no damage.
You closely miss the goblin. You hit the hobgoblin.
You feel sick. The adder bites you but does no damage.
Robin throws the goblin at you!
The hobgoblin hits you but does no damage.
The goblin hits you but does no damage. The hobgoblin hits you.
* * * LOW HITPOINT WARNING * * *
The goblin hits you with a +0 dagger.
* * * LOW HITPOINT WARNING * * *
The hobgoblin closely misses you. You block the adder's attack.
You barely miss the hobgoblin.
The hobgoblin is moderately wounded.
You hit the goblin.
You kill the goblin!
You hit the adder. You barely miss the goblin. You closely miss the hobgoblin.
You hit Robin but do no damage. You miss the adder. You slash the hobgoblin!
You kill the hobgoblin!
* * * LOW HITPOINT WARNING * * *
You feel sick. You block the adder's attack. The hobgoblin closely misses you.
The goblin hits you but does no damage. Robin hits you with a +0 short sword.
You die...

..# ..... # #$.####
..... ..#.....##
...... .........##
......
..........###......
...................
......ggg.......#
......S@S..<..#
......)gr.....#
.........#....#
..#......#....# #
##.###[####.# #.
#.. ... # ### ###.


You could see Robin, 2 adders, 2 hobgoblins, a goblin and a rat.

Vanquished Creatures
  A dart slug (D:1)
  3 endoplasms (D:1)
  A giant cockroach (D:1)
  8 goblins
  5 hobgoblins
  2 quokkas (D:1)
  4 ball pythons (D:1)
  2 bats (D:1)
  A frilled lizard (D:1)
  A kobold (D:1)
  4 rats
32 creatures vanquished.

Notes
Turn   | Place    | Note
-------+----------+-------------------------------------------
     0 | D:1      | Parzival71148 the Hill Orc Fighter began the quest for the
                  | Orb.
     0 | D:1      | Reached XP level 1. HP: 19/19 MP: 1/1
   181 | D:1      | Reached XP level 2. HP: 27/27 MP: 2/2
   451 | D:1      | Found a faded altar of an unknown god.
   631 | D:1      | Reached XP level 3. HP: 33/33 MP: 3/3
   941 | D:1      | Reached skill level 4 in Fighting
  1136 | D:2      | Noticed Robin
  1146 | D:2      | Slain by Robin

Illustrated notes

Levels and vault maps discovered:
D:1:      dpeg_arrival_line_fractal, layout_basic,
          chequers_ecumenical_altar_simple_redux
D:2:      layout_rooms, uniq_robin

Skill      XL: |  1  2  3 |
---------------+----------+-----
Axes           | 3 |  3.3
Fighting       | 4 |  4.0
Armour         | |  3.7
Dodging        | |  0.3
Shields        | |  3.6

Action                   || total
-------------------------++-------
Melee: War axe           ||    60
Armor: Scale mail        ||    38
Dodge: Dodged            ||    40
Block: Buckler           ||    25

Table legend: (Time is in decaauts)
 A = Elapsed time spent in this place.
 B = Non-inter-level travel time spent in this place.
 C = Inter-level travel time spent in this place.
 D = Time resting spent in this place.
 E = Time spent auto-exploring this place.
 F = Levels seen in this place.
 G = Mean time per level.
                   A        B        C        D        E       F      G
               +--------+--------+--------+--------+--------+-----+--------+
         Total |   1168 |   1168 |      0 |      0 |    906 |   2 |  584.0 |
       Dungeon |   1168 |   1168 |      0 |      0 |    906 |   2 |  584.0 |
               +--------+--------+--------+--------+--------+-----+--------+

Top non-repeatable levels by time:
     D:1: 1153 daAuts
     D:2: 14 daAuts
